 Dungeon Crawl Stone Soup version 0.31-a0-1278-g11c5b68f87 (webtiles) character file.

Game seed: 15670392332276596868

307 gelatine the Trooper (level 6, -3/48 HPs)
             Began as a Demonspawn Fighter on Dec 18, 2023.
             Slain by a black bear (6 damage)
             ... on level 4 of the Dungeon.
             The game lasted 00:06:59 (2476 turns).

gelatine the Trooper (Demonspawn Fighter)           Turns: 2476, Time: 00:06:59

Health: -3/48      AC:  7    Str: 18    XL:     6   Next: 16%
Magic:  7/7        EV: 10    Int:  9    God:
Gold:   164        SH:  8    Dex: 12    Spells: 1/7 levels left

rFire   . . .        j - +0 hand axe
rCold   . . .        c - +0 buckler
rNeg    . . .        q - +0 ring mail
rPois   .            (no helmet)
rElec   .            (no cloak)
rCorr   .            h - +0 pair of gloves
SInv    .            (no boots)
Will    .....        (no amulet)
Stlth   +            (no ring)
HPRegen 0.28/turn    (no ring)
MPRegen 0.10/turn

%: no passive effects
@: no status effects
A: sharp scales 1, condensation shield, demonic touch 1
a: no special abilities


You were on level 4 of the Dungeon.
You visited 1 branch of the dungeon, and saw 4 of its levels.

You collected 164 gold pieces.

Inventory:

Hand Weapons
 a - a +0 war axe
 j - a +0 hand axe (weapon)
Missiles
 v - 2 javelins
 w - a boomerang
Armour
 b - a +0 scale mail
 c - a +0 buckler (worn)
 h - a +0 pair of gloves (worn)
 q - a +0 ring mail (worn)
Scrolls
 e - a scroll of noise {unknown}
 f - 2 scrolls of vulnerability {unknown}
 g - a scroll of brand weapon {unknown}
 i - a scroll of fog {unknown}
 o - a scroll of fear {unknown}
 p - 2 scrolls of identify {unknown}
 s - a scroll of immolation {unknown}
 t - a scroll of teleportation {unknown}
Potions
 d - a potion of might
 k - a potion of haste {unknown}
 l - 2 potions of heal wounds {unknown}
 m - a potion of curing {unknown}
 n - a potion of degeneration {unknown}
 r - 2 potions of lignification {unknown}
 u - a potion of brilliance {unknown}


   Skills:
 * Level 3.8 Fighting
 + Level 3.4 Axes
 * Level 3.6 Armour
 * Level 1.0 Dodging
 + Level 0.3 Stealth
 * Level 3.7 Shields
 * Level 1.2 Spellcasting
 * Level 0.5 Poison Magic


You had one spell level left.
You knew the following spells:

 Your Spells              Type           Power      Damage    Failure   Level
a - Olgreb's Toxic Radia  Pois           1%         N/A       100%        4
b - Poisonous Vapours     Pois/Air       2%         N/A       73%         2

Your spell library contained the following spells:

 Spells                   Type           Power      Damage    Failure   Level
 Sting                    Tmut/Pois      4%         1d3       58%         1
 Dazzling Flash           Conj/Hex       0%         N/A       94%         3
 Ozocubu's Armour         Ice            0%         N/A       94%         3
 Agony                    Necr           0%         N/A       100%        5
 Metabolic Englaciation   Hex/Ice        0%         N/A       100%        5
 Silence                  Hex/Air        0%         N/A       100%        5
 Simulacrum               Ice/Necr       0%         N/A       100%        6


Dungeon Overview and Level Annotations

Branches:
Dungeon (4/15)             Temple (0/1) D:4

Altars:


Innate Abilities, Weirdness & Mutations

You are partially covered in razor-sharp scales. (AC +1, Slay +1)
A meltable shield of frost defends you. (SH +4)
Your touch may inflict minor irresistible damage on your foes.


Message History

You block the black bear's attack.
You hit the black bear.
The black bear is almost dead.
The black bear bites you.
The black bear claws you but does no damage.
The black bear barely misses you.
The black bear bites you but does no damage.
The black bear claws you.
The black bear claws you but does no damage.
You barely miss the black bear.
The black bear is almost dead.
The black bear completely misses you. The black bear claws you.
The black bear claws you but does no damage.
You block the black bear's attack. The black bear closely misses you.
The black bear claws you but does no damage.
You barely miss the black bear.
The black bear is almost dead.
You block the black bear's attack. The black bear claws you. x2
The black bear bites you but does no damage.
The black bear claws you.
The black bear claws you but does no damage.
You hit the black bear but do no damage.
The black bear is almost dead.
You block the black bear's attack. x2
The black bear claws you but does no damage.
The black bear bites you but does no damage.
The black bear claws you but does no damage. x2
You hit the black bear.
The black bear is almost dead.
The black bear bites you!
* * * LOW HITPOINT WARNING * * *
You block the black bear's attack.
The black bear claws you but does no damage.
Unknown command.
You barely miss the black bear.
The black bear is almost dead.
The black bear bites you.
* * * LOW HITPOINT WARNING * * *
The black bear claws you.
You die...

## +. ###.#+#
.....#....#.....#
..........+.....##+##
#.........#..h@.#...#
##........###.#'#...#+#
###..........
+.#.......#
...........#
#####...### #..
#...#.###...'...+
#..##.....##....#####
#.....#.........#
#.#†..#.........+
#....###........#


You could see a black bear (berserk).

Vanquished Creatures
  A phantom (D:4)
  Natasha (thrice) (D:2)
  An orc wizard (D:3)
  6 adders
  A worm (D:2)
  6 dart slugs
  5 orcs
  6 endoplasms
  A giant cockroach (D:4)
  7 goblins
  6 hobgoblins
  6 jackals (D:3)
  6 ball pythons
  4 bats
  2 frilled lizards
  4 kobolds
  3 rats
68 creatures vanquished.

Notes
Turn   | Place    | Note
-------+----------+-------------------------------------------
     0 | D:1      | gelatine the Demonspawn Fighter began the quest for the
                  | Orb.
     0 | D:1      | Reached XP level 1. HP: 18/18 MP: 1/1
   120 | D:1      | Gained mutation: You are partially covered in razor-sharp
                  | scales. (AC +1, Slay +1) [demonic ancestry]
   120 | D:1      | Reached XP level 2. HP: 24/24 MP: 2/2
   459 | D:1      | Found a faded altar of an unknown god.
   549 | D:2      | Gained mutation: Your touch may inflict minor irresistible
                  | damage on your foes. [demonic ancestry]
   549 | D:2      | Reached XP level 3. HP: 18/29 MP: 3/3
   809 | D:2      | Noticed Natasha
   817 | D:2      | Killed Natasha
   818 | D:2      | Gained mutation: A meltable shield of frost defends you.
                  | (SH +4) [demonic ancestry]
   818 | D:2      | Reached XP level 4. HP: 10/35 MP: 4/4
   962 | D:2      | Noticed Natasha
   969 | D:2      | Killed Natasha
  1416 | D:2      | Noticed Natasha
  1428 | D:2      | Killed Natasha
  1429 | D:2      | Reached XP level 5. HP: 36/41 MP: 4/6
  1896 | D:3      | Reached skill level 1 in Spellcasting
  1993 | D:3      | Learned a level 4 spell: Olgreb's Toxic Radiance
  2314 | D:3      | Learned a level 2 spell: Poisonous Vapours
  2395 | D:4      | Found a staircase to the Ecumenical Temple.
  2410 | D:4      | Noticed a phantom
  2419 | D:4      | Killed a phantom
  2420 | D:4      | Reached skill level 1 in Dodging
  2420 | D:4      | Reached XP level 6. HP: 44/48 MP: 7/7
  2476 | D:4      | Slain by a black bear

Illustrated notes

Levels and vault maps discovered:
D:1:      eino_arrival_water_cross, layout_basic,
          chequers_ecumenical_altar_grove
D:2:      layout_basic, st_stairs_12, minmay_tromino_i4, uniq_natasha
D:3:      layout_loops_cross
D:4:      nicolae_cairo_tiling_large, layout_cave_pools,
          mainiacjoe_overflow_small_starburst, minmay_temple_entry_tees,
          uniq_duvessa

Skill      XL: |  1  2  3  4  5 |
---------------+----------------+-----
Axes           | 2 3 |  3.4
Armour         | 3 |  3.6
Shields        | 3 |  3.7
Spellcasting   | 1 |  1.2
Dodging        | 1 |  1.0
Fighting       | |  3.8
Stealth        | |  0.3
Poison Magic   | |  0.5

Action                     |  1- 3 |  4- 6 || total
---------------------------+-------+-------++-------
  Melee: War axe           |    34 |       ||    34
         Hand axe          |    39 |   146 ||   185
 Armour: Scale mail        |    64 |    60 ||   124
         Ring mail         |       |    63 ||    63
  Dodge: Dodged            |    34 |    63 ||    97
  Block: Buckler           |    23 |    78 ||   101

Table legend: (Time is in decaauts)
 A = Elapsed time spent in this place.
 B = Non-inter-level travel time spent in this place.
 C = Inter-level travel time spent in this place.
 D = Time resting spent in this place.
 E = Time spent auto-exploring this place.
 F = Levels seen in this place.
 G = Mean time per level.
                   A        B        C        D        E       F      G
               +--------+--------+--------+--------+--------+-----+--------+
         Total |   2525 |   2406 |    119 |      0 |   1815 |   4 |  631.2 |
       Dungeon |   2525 |   2406 |    119 |      0 |   1815 |   4 |  631.2 |
               +--------+--------+--------+--------+--------+-----+--------+

Top non-repeatable levels by time:
     D:2: 1089 daAuts
     D:3: 799 daAuts
     D:1: 532 daAuts
     D:4: 104 daAuts
